 Dungeon Crawl Stone Soup version 0.29.1-1-gd02db6906a (webtiles) character file.

Game seed: 11449321417511506292

2189 MisterFreud the Nimble (level 9, -4/41 HPs)
             Began as a Felid Berserker on Sept 24, 2022.
             Was a Priest of Trog.
             Killed by divine providence
             ... invoked by a smoke demon
              (12 damage)
             ... on level 9 of the Dungeon.
             The game lasted 00:10:05 (10076 turns).

MisterFreud the Nimble (Felid Berserker)           Turns: 10076, Time: 00:10:05

Health: -4/41      AC:  2    Str: 13    XL:     9   Next: 12%
Magic:  10/10      EV: 41    Int:  9    God:    Trog [***...]
Gold:   660        SH:  0    Dex: 19    Spells: 8/8 levels left
                                        Lives:  0   Deaths: 2

rFire   . . .      SeeInvis +     - Unarmed
rCold   . . .      Faith    .   (shield unavailable)
rNeg    . . .      Spirit   .   (body armour unavailable)
rPois   .          Reflect  .   (helmet unavailable)
rElec   .          Harm     .   (cloak unavailable)
rCorr   .          Rampage  .   (gloves unavailable)
Will    +....                   (boots unavailable)
Stlth   +++++.....              o - amulet of the acrobat
HPRegen 0.13/turn               (no ring)
MPRegen 0.12/turn               (no ring)

@: on berserk cooldown, acrobatic, slowed, slow
A: very small, claws 1, fangs 3, see invisible, speed 1, shaggy fur 2, stealthy
paws, no weapons or thrown items, no armour, multi-lived
a: Renounce Religion, Berserk, Trog's Hand


You were on level 9 of the Dungeon.
You worshipped Trog.
Trog was most pleased with you.
You visited 1 branch of the dungeon, and saw 9 of its levels.

You collected 660 gold pieces.

Inventory:

Jewellery
 h - an amulet of regeneration
 o - an amulet of the acrobat (around neck)
Wands
 e - a wand of digging (8)
 g - a wand of flame (26)
 n - a wand of roots (13)
Scrolls
 a - 2 scrolls of identify
 b - 2 scrolls of poison
 d - a scroll of fear
 f - 8 scrolls of blinking
 i - 7 scrolls of magic mapping
 l - 7 scrolls of teleportation
 t - a scroll of summoning
 w - a scroll of silence
Potions
 c - 2 potions of heal wounds
 j - a potion of might {unknown}
 k - a potion of berserk rage
 m - 6 potions of curing
 p - 2 potions of haste {unknown}
 q - 2 potions of mutation {unknown}
 r - a potion of lignification
 s - 2 potions of resistance {unknown}
 u - a potion of cancellation {unknown}
 v - 2 potions of degeneration {unknown}
 z - 2 potions of brilliance {unknown}
 A - a potion of flight {unknown}


   Skills:
 - Level 6.0 Fighting
 + Level 12.0 Dodging
 + Level 9.8 Stealth
 + Level 8.1 Unarmed Combat


You had 8 spell levels left.
You didn't know any spells.
Your spell library was empty.

Dungeon Overview and Level Annotations

Branches:
Dungeon (9/15)             Temple (0/1) D:6
   Lair: D:8-11         Orc: D:9-12

Altars:
Ashenzari
Dithmenos
Elyvilon
Kikubaaqudgha
Okawaru
Qazlal
Ru
Sif Muna
Trog
Uskayaw
Yredelemnul

Shops:
D:5 :


Innate Abilities, Weirdness & Mutations

You have sharp claws.
You have razor-sharp teeth.
You have supernaturally acute eyesight. (SInv)
You cover ground quickly. (Speed+)
You are covered in thick fur. (AC +2)
Your paws help you pounce on unaware monsters.
You are incapable of wielding weapons or throwing items.
You cannot wear armour.
You gain extra lives every three experience levels.


Message History

You scratch the smoke demon.
The smoke demon is lightly wounded.
You feel sick.
A kobold brigand comes into view.
It is wielding a +0 short sword and quivering poisoned darts.
The smoke demon misses you. x2; The smoke demon completely misses you.
The kobold brigand shouts!
You scratch the smoke demon but do no damage.
The smoke demon is lightly wounded.
You feel sick.
You are no longer poisoned.
You hear a shout! x6
An ice devil comes into view.
The smoke demon barely misses you. The smoke demon closely misses you.
The smoke demon misses you.
An orc comes into view. It is wielding a +0 mace.
Unknown command.
As you read the scroll labelled EBECOV OXTEZYGRA, it crumbles to dust.
It is a scroll of amnesia.
You feel forgetful for a moment.
A ynoxinul comes into view.
The smoke demon misses you. The smoke demon completely misses you.
The smoke demon hits you. The orc closely misses you.
The smoke demon misses you. The smoke demon hits you.
* * * LOW HITPOINT WARNING * * *
The smoke demon hits you.
* * * LOW HITPOINT WARNING * * *
Unknown command.
Unknown command.
The orc attacks as you move away! The orc hits you with a +0 hand axe.
* * * LOW HITPOINT WARNING * * *
Unknown command.
Unknown command.
The kobold brigand throws a poisoned dart.
The poisoned dart completely misses you.
The orc attacks as you move away! The orc completely misses you.
The smoke demon attacks as you move away!
The smoke demon completely misses you. x3
The smoke demon gestures at you. Something smites you!
You die...

#...##...# ....
##.......##....
#......# #.....
..#.>....##......
#...............
##..........#...
#...........##..
.......[.........
...#....@†$.....#
.######.o....#...
..##..o3).## ..
..........###..
.##...4K.......
#......o##.###
#.....3.# ##
....###..# ...>
#...


You could see an ice devil, a smoke demon, a ynoxinul, a kobold brigand and 3
orcs.

Vanquished Creatures
  An orange demon (D:9)
  A hornet (D:9)
  Sigmund (D:6)
  Edmund (D:3)
  4 sky beasts
  An ice beast (D:7)
  An orc warrior (D:6)
  3 black bears
  3 ogres
  2 centaurs (D:6)
  A phantom (D:6)
  6 bullfrogs
  A gnoll sergeant (D:8)
  A kobold brigand (D:8)
  3 scorpions
  5 killer bees (D:5)
  4 howler monkeys
  3 hounds
  2 jellies
  2 orc priests
  2 gnoll boudas
  3 iguanas (D:5)
  An orc wizard (D:8)
  18 gnolls
  8 adders
  4 white imps
  An ufetubus (D:5)
  4 worms
  4 dart slugs
  12 orcs
  6 ball pythons
  6 bats
  9 endoplasms
  4 giant cockroaches
  10 goblins
  6 hobgoblins
  14 kobolds
  6 quokkas
  2 frilled lizards
  12 rats
178 creatures vanquished.

Vanquished Creatures (others)
  13 plants (D:3)
13 creatures vanquished.

Grand Total: 191 creatures vanquished

Notes
Turn   | Place    | Note
-------+----------+-------------------------------------------
     0 | D:1      | MisterFreud the Felid Berserker began the quest for the
                  | Orb.
     0 | D:1      | Reached XP level 1. HP: 10/10 MP: 2/2
    51 | D:1      | Reached skill level 1 in Stealth
   259 | D:1      | Reached XP level 2. HP: 13/14 MP: 3/3
   870 | D:1      | Reached ** piety under Trog
   871 | D:1      | Reached XP level 3. HP: 9/17 MP: 4/4
  1658 | D:2      | Reached XP level 4. HP: 21/21 MP: 5/5
  2691 | D:3      | Found a white marble altar of Elyvilon.
  2727 | D:3      | Identified the +2 leather armour of the Cuttlefish {rPois
                  | Int+2 Dex+2}
  2780 | D:3      | Found a bloodstained altar of Trog.
  2780 | D:3      | Found a shadowy altar of Dithmenos.
  3086 | D:3      | Reached XP level 5. HP: 22/24 MP: 6/6
  3283 | D:3      | Reached skill level 5 in Stealth
  3390 | D:3      | Found an iron altar of Okawaru.
  3490 | D:3      | Found a faded altar of an unknown god.
  3876 | D:4      | Noticed Edmund
  4217 | D:3      | HP: 1/36 [poisoned by Edmund]
  4218 | D:3      | Succumbed to Edmund's poison
  4219 | D:3      | Reached XP level 4. HP: -1/31 MP: 5/5
  4226 | D:3      | Killed Edmund
  4227 | D:3      | Reached skill level 5 in Unarmed Combat
  4227 | D:3      | Reached XP level 5. HP: 24/24 MP: 6/6
  4744 | D:4      | Noticed an ogre
  4753 | D:4      | Killed an ogre
  4754 | D:4      | Gained mutation: You are covered in thick fur. (AC +2)
                  | [Felid growth]
  4754 | D:4      | Reached XP level 6. HP: 28/28 MP: 7/7
  4808 | D:4      | Found a basalt altar of Yredelemnul.
  4923 | D:4      | Reached skill level 5 in Dodging
  5262 | D:5      | Entered Level 5 of the Dungeon
  5280 | D:5      | Found Moka's Self-Improvement Boutique.
  5315 | D:5      | Found a sacrificial altar of Ru.
  5326 | D:5      | Reached skill level 6 in Dodging
  5410 | D:5      | Reached XP level 7. HP: 31/31 MP: 8/8
  5413 | D:5      | Reached *** piety under Trog
  5414 | D:5      | Reached skill level 7 in Dodging
  5505 | D:5      | Reached skill level 8 in Dodging
  5546 | D:5      | Found a stormy altar of Qazlal.
  5570 | D:5      | Reached skill level 9 in Dodging
  5654 | D:5      | Identified the +10 dagger of the King {freeze, rN+}
  5665 | D:5      | Found a shimmering blue altar of Sif Muna.
  5688 | D:5      | Reached XP level 8. HP: 23/34 MP: 9/9
  5690 | D:5      | Reached skill level 10 in Dodging
  6406 | D:6      | Reached skill level 5 in Fighting
  6824 | D:7      | Reached XP level 9. HP: 41/41 MP: 10/10
  7148 | D:6      | Found a broken altar of Ashenzari.
  7209 | D:6      | Noticed Sigmund
  7217 | D:6      | Killed Sigmund
  7226 | D:6      | Reached skill level 11 in Dodging
  7888 | D:6      | Found a staircase to the Ecumenical Temple.
  8354 | D:7      | Found an ancient bone altar of Kikubaaqudgha.
  8354 | D:7      | Found a hide-covered altar of Uskayaw.
 10032 | D:9      | Noticed a sun demon
 10032 | D:9      | Noticed a soul eater
 10047 | D:9      | Mangled by a sun demon
 10048 | D:9      | Reached XP level 8. HP: -12/54 MP: 9/9
 10048 | D:9      | Noticed an orange demon
 10048 | D:9      | Noticed a hornet
 10055 | D:9      | Killed a hornet
 10061 | D:9      | Killed an orange demon
 10062 | D:9      | Reached skill level 12 in Dodging
 10062 | D:9      | Reached XP level 9. HP: 35/41 MP: 10/10
 10063 | D:9      | Noticed a smoke demon
 10071 | D:9      | Noticed an ice devil
 10076 | D:9      | Killed from afar by a smoke demon

Illustrated notes

Levels and vault maps discovered:
D:1:      amcnicky_arrival_gap_in_the_tavern_cellar, layout_basic,
          minmay_crystal_water
D:2:      layout_loops_ring, minmay_joined_circles
D:3:      wad_woods_tower, layout_basic, okawaru_gym_becter,
          gammafunk_temple_overflow_wave, mainiacjoe_overflow_small_starburst,
          shapermc_ecumenical_altar_rom_forum
D:4:      layout_rooms, mainiacjoe_overflow_six_doors_small, uniq_edmund
D:5:      layout_rooms, kennysheep_mini_moat,
          mainiacjoe_overflow_large_starburst, nicolae_shop_self_help
D:6:      layout_basic, amcnicky_altar_gilded,
          minmay_temple_entry_enclosed_plants, minmay_bent, uniq_sigmund
D:7:      layout_loops_cross, nicolae_overflow_two_pavilions, kennysheep_donut,
          hex_tiny
D:8:      wad_pebble_path, layout_cave_pods, chequers_serial_rivers_micro_b,
          grunt_decor_cap
D:9:      layout_cave_pools, general_overflow_altar, david_orc_5,
          serial_demonic, serial_demonic_a, serial_demonic_g, serial_demonic_g,
          serial_demonic_c, serial_demonic_c, serial_demonic_c,
          serial_demonic_a, serial_demonic_f, serial_demonic_d,
          serial_demonic_d, serial_shops, shop

Skill      XL: |  1  2  3  4  5  6  7  8  9 |
---------------+----------------------------+-----
Stealth        | 1 2 3 6 5 7 9 |  9.8
Unarmed Combat | 4 5 6 8 7 |  8.1
Dodging        | 6 9 12 11 | 12.0
Fighting       | 6 |  6.0

Action                   |  1- 3 |  4- 6 |  7- 9 || total
-------------------------+-------+-------+-------++-------
Melee: Unarmed           |    79 |   172 |   288 ||   539
       Bite              |    11 |    20 |    40 ||    71
       Punch             |     3 |     6 |     8 ||    17
Invok: Berserk           |     1 |     7 |    12 ||    20
       Trog's Hand       |       |       |     2 ||     2
  Use: Scroll            |       |    17 |     2 ||    19
       Potion            |       |       |     1 ||     1
 Stab: Sleeping          |     4 |    11 |     5 ||    20
Armor: Skin              |     8 |     4 |     8 ||    20
Dodge: Dodged            |    65 |   111 |   294 ||   470
